 Dungeon Crawl Stone Soup version 0.31.0-9-g3a7656b989 (webtiles) character file.

Game seed: 10348641143204925524

850 qw the Skirmisher (level 7, -2/40 HPs)
             Began as a Deep Elf Hunter on Feb 2, 2024.
             Incinerated by a bombardier beetle (5 damage)
             ... with a burning spray
             ... on level 5 of the Dungeon.
             The game lasted 00:00:14 (3000 turns).

qw the Skirmisher (Deep Elf Hunter)                 Turns: 3000, Time: 00:00:14

Health: -2/40      AC:  8    Str: 10    XL:     7   Next: 69%
Magic:  9/9        EV: 12    Int: 16    God:
Gold:   230        SH:  0    Dex: 18    Spells: 6/6 levels left

rFire   . . .        l - +2 shortbow (freeze)
rCold   . . .        (shield currently unavailable)
rNeg    . . .        n - +0 ring mail
rPois   .            (helmet restricted)
rElec   .            d - +1 cloak
rCorr   .            a - +0 pair of gloves of Fashionability {Str+2 Int+2 Stlth+}
SInv    +            (no boots)
Will    .....        (no amulet)
Stlth   +            e - ring of see invisible
HPRegen 0.26/turn    (no ring)
MPRegen 0.11/turn

%: no passive effects
@: on fire, glowing
A: horns 1, weak 1
a: no special abilities


You were on level 5 of the Dungeon.
You visited 1 branch of the dungeon, and saw 5 of its levels.

You collected 230 gold pieces.


Innate Abilities, Weirdness & Mutations

You have a pair of small horns on your head.
You are weak. (Str -2)


   Skills:
 - Level 2.4 Fighting
 + Level 10.8 Ranged Weapons
 - Level 1.3 Armour
 - Level 5.1 Dodging
 - Level 1.2 Stealth


You had 6 spell levels left.
You didn't know any spells.
Your spell library was empty.

Inventory:

Hand Weapons
 l - a +2 shortbow of freezing (weapon)
Armour
 a - the +0 pair of gloves of Fashionability (worn) {Str+2 Int+2 Stlth+}
   (You acquired it on level 2 of the Dungeon)

   Str+2:     It affects your strength (+2).
   Int+2:     It affects your intelligence (+2).
   Stlth+:    It makes you more stealthy.
 d - a +1 cloak (worn)
 n - a +0 ring mail (worn)
Jewellery
 e - a ring of see invisible (left hand)
Wands
 g - a wand of quicksilver (1)
 o - a wand of iceblast (10)
Scrolls
 j - a scroll of teleportation
Potions
 b - 2 potions of curing
 f - a potion of resistance
 i - a potion of haste
 k - a potion of mutation
 m - a potion of invisibility {unknown}
 p - a potion of enlightenment {unknown}

Dungeon Overview and Level Annotations

Branches:
Dungeon (5/15)
 Temple: D:4-7

Altars:
Dithmenos
Gozag
Trog

Annotations:
D:3 1 runed translucent door, Crazy Yiuf


Message History

You shoot an arrow. The arrow hits the bombardier beetle.
The arrow freezes the bombardier beetle.
The bombardier beetle is almost dead.
You shoot an arrow.
The arrow barely misses the bombardier beetle.
The bombardier beetle sprays incendiary fluid at you.
The burning spray hits you.
You are covered in liquid fire!
You shoot an arrow. The arrow hits the bombardier beetle.
The arrow freezes the bombardier beetle.
You kill the bombardier beetle!
The liquid fire burns you!
You are on fire!
The liquid fire burns you!
You are on fire!
The liquid fire burns you!
You feel yourself slow down.
You are on fire!
The liquid fire burns you!
You are on fire!
The liquid fire burns you!
You are on fire!
The liquid fire burns you!
You are on fire!
The liquid fire burns you!
You are on fire!
The liquid fire burns you!
You are on fire!
The liquid fire burns you!
You are on fire!
The liquid fire burns you!
You are on fire!
The liquid fire burns you!
You are on fire!
The liquid fire burns you!
You are on fire!
The liquid fire burns you!
You are on fire!
The liquid fire burns you!
You die...

#########.........
#.........#####.##
#>######### #.##
#.# #.##
<..####.#######
#.##
............... #.
# #######.#######
# #.# #@#
#.......#
#.#######


There were no monsters in sight!

Vanquished Creatures
  Grinder (D:3)
  Pargi (D:3)
  A phantom (D:4)
  A brain worm (D:3)
  A bullfrog (D:3)
  A gnoll sergeant (D:3)
  A bombardier beetle (D:5)
  A jelly (D:4)
  2 hounds (D:4)
  A sleepcap (D:4)
  Robin (D:2)
  5 adders
  2 ribbon worms
  4 dart slugs
  5 orcs
  3 ball pythons
  6 endoplasms
  3 giant cockroaches
  14 goblins
  10 hobgoblins
  2 jackals (D:1)
  5 kobolds
  3 quokkas (D:1)
  6 bats
  5 frilled lizards
  4 rats (D:3)
89 creatures vanquished.

Notes
Turn   | Place    | Note
-------+----------+-------------------------------------------
     0 | D:1      | qw the Deep Elf Hunter began the quest for the Orb.
     0 | D:1      | Reached XP level 1. HP: 12/12 MP: 3/3
     0 | D:1      | 0 ||| qw: Version: 0.3-a-155-g5e7d8dd
     0 | D:1      | 0 ||| qw: Game counter: 283
     0 | D:1      | 0 ||| qw: Melee chars always use a shield: true
     0 | D:1      | 0 ||| qw: God list: Okawaru
     0 | D:1      | 0 ||| qw: Allow faded altars: false
     0 | D:1      | 0 ||| qw: Do Orc after clearing Dungeon:15 true
     0 | D:1      | 0 ||| qw: Do second Lair branch before Depths: true
     0 | D:1      | 0 ||| qw: Lair rune preference: random
     0 | D:1      | 0 ||| qw: Goals: Normal
     0 | D:1      | 0 ||| PLANNING D:1-11
    45 | D:1      | Reached skill level 6 in Ranged Weapons
    45 | D:1      | Reached XP level 2. HP: 16/16 MP: 4/4
   364 | D:1      | Reached XP level 3. HP: 19/20 MP: 5/5
   688 | D:1      | 688 ||| UPGRADING to +0 cloak.
   693 | D:1      | 693 ||| UPGRADING to ring of see invisible.
   694 | D:1      | 694 ||| READING scroll labelled YGO UD HARHO.
   699 | D:1      | 699 ||| DROPPING scroll of butterflies.
   728 | D:2      | Reached skill level 7 in Ranged Weapons
  1369 | D:2      | 1369 ||| READING scroll labelled VAK IDI LOHEU.
  1369 | D:2      | 1369 ||| IDENTIFYING emerald potion
  1370 | D:2      | 1370 ||| DRINKING 2 green potions.
  1371 | D:2      | 1371 ||| FLEEEEING.
  1372 | D:2      | 1372 ||| FLEEEEING.
  1373 | D:2      | 1373 ||| FLEEEEING.
  1374 | D:2      | 1374 ||| FLEEEEING.
  1375 | D:2      | 1375 ||| FLEEEEING.
  1376 | D:2      | 1376 ||| FLEEEEING.
  1377 | D:2      | 1377 ||| FLEEEEING.
  1378 | D:2      | 1378 ||| FLEEEEING.
  1379 | D:2      | 1379 ||| FLEEEEING.
  1380 | D:2      | 1380 ||| FLEEEEING.
  1381 | D:2      | 1381 ||| FLEEEEING.
  1382 | D:2      | 1382 ||| FLEEEEING.
  1383 | D:2      | 1383 ||| FLEEEEING.
  1384 | D:2      | 1384 ||| FLEEEEING.
  1385 | D:2      | 1385 ||| FLEEEEING.
  1386 | D:2      | 1386 ||| FLEEEEING.
  1387 | D:2      | 1387 ||| FLEEEEING.
  1388 | D:2      | 1388 ||| FLEEEEING.
  1389 | D:2      | 1389 ||| FLEEEEING.
  1390 | D:2      | 1390 ||| FLEEEEING.
  1391 | D:2      | 1391 ||| FLEEEEING.
  1392 | D:2      | 1392 ||| FLEEEEING.
  1393 | D:2      | 1393 ||| FLEEEEING.
  1394 | D:2      | 1394 ||| FLEEEEING.
  1395 | D:2      | 1395 ||| FLEEEEING.
  1396 | D:2      | 1396 ||| FLEEEEING.
  1397 | D:2      | 1397 ||| FLEEEEING.
  1398 | D:2      | 1398 ||| FLEEEEING.
  1399 | D:2      | 1399 ||| FLEEEEING.
  1400 | D:2      | 1400 ||| DROPPING potion of berserk rage.
  1442 | D:3      | Reached XP level 4. HP: 25/25 MP: 6/6
  1645 | D:3      | Noticed Robin
  1649 | D:3      | 1649 ||| STAIRDANCE
  1656 | D:2      | 1656 ||| READING 2 scrolls labelled RECALEXZOU.
  1656 | D:2      | Identified 2 scrolls of acquirement
  1656 | D:2      | 1656 ||| ACQUIRING +2 shortbow of freezing
  1656 | D:2      | Acquired a +2 shortbow of freezing
  1658 | D:2      | 1658 ||| SWAPPING to +2 shortbow of freezing.
  1659 | D:2      | 1659 ||| DROPPING +0 shortbow.
  1660 | D:2      | 1660 ||| READING scroll of acquirement.
  1660 | D:2      | 1660 ||| ACQUIRING +0 pair of gloves of Fashionability
                  | {Str+2 Int+2 Stlth+}
  1660 | D:2      | Acquired the +0 pair of gloves of Fashionability {Str+2
                  | Int+2 Stlth+}
  1662 | D:2      | 1662 ||| UPGRADING to +0 pair of gloves of Fashionability
                  | {Str+2 Int+2 Stlth+}.
  1667 | D:2      | 1667 ||| READING 2 scrolls labelled ECKENITHRUEKH.
  1668 | D:2      | 1668 ||| DRINKING 2 bubbling ruby potions.
  1668 | D:2      | Gained mutation: You are weak. (Str -2) [potion of
                  | mutation]
  1668 | D:2      | Gained mutation: You have a pair of small horns on your
                  | head. [potion of mutation]
  1669 | D:2      | 1669 ||| DROPPING scroll of poison.
  1672 | D:3      | 1672 ||| STAIRDANCE
  1678 | D:2      | Reached skill level 8 in Ranged Weapons
  1697 | D:3      | 1697 ||| STAIRDANCE
  1700 | D:2      | Killed Robin
  1707 | D:3      | 1707 ||| STAIRDANCE
  1716 | D:3      | 1716 ||| STAIRDANCE
  1751 | D:3      | Found a shadowy altar of Dithmenos.
  1775 | D:3      | Found a runed translucent door.
  1776 | D:3      | Noticed Crazy Yiuf
  1819 | D:3      | Noticed Pargi
  1820 | D:3      | 1820 ||| ZAPPING wand of quicksilver (7) at 4,-7 (Pargi;
                  | floor).
  1820 | D:3      | Noticed Grinder
  1821 | D:3      | 1821 ||| ZAPPING wand of quicksilver (6) at 4,-6 (Pargi;
                  | floor).
  1822 | D:3      | 1822 ||| ZAPPING wand of quicksilver (5) at 4,-5 (Pargi;
                  | floor).
  1823 | D:3      | 1823 ||| ZAPPING wand of quicksilver (4) at 1,-3 (Grinder;
                  | floor).
  1824 | D:3      | 1824 ||| ZAPPING wand of quicksilver (3) at 2,-3 (Pargi;
                  | floor).
  1825 | D:3      | 1825 ||| ZAPPING wand of quicksilver (2) at 1,-2 (Pargi;
                  | floor).
  1825 | D:3      | Killed Pargi
  1826 | D:3      | Reached skill level 9 in Ranged Weapons
  1826 | D:3      | Reached XP level 5. HP: 29/29 MP: 7/7
  1831 | D:3      | Killed Grinder
  1832 | D:3      | Reached XP level 6. HP: 19/34 MP: 8/8
  2070 | D:3      | Reached XP level 7. HP: 21/40 MP: 9/9
  2202 | D:3      | 2202 ||| FLEEEEING.
  2203 | D:3      | 2203 ||| FLEEEEING.
  2210 | D:3      | Reached skill level 10 in Ranged Weapons
  2219 | D:3      | Found a bloodstained altar of Trog.
  2306 | D:3      | 2306 ||| UPGRADING to +0 ring mail.
  2316 | D:3      | 2316 ||| DROPPING +0 leather armour.
  2317 | D:3      | 2317 ||| READING scroll of identify.
  2317 | D:3      | 2317 ||| IDENTIFYING fizzy inky potion
  2318 | D:3      | 2318 ||| READING scroll labelled XUEHYIKHOA.
  2319 | D:3      | 2319 ||| READING scroll labelled UTTALAE WUQIEN.
  2412 | D:4      | Found an opulent altar of Gozag.
  2485 | D:4      | Reached skill level 1 in Armour
  2840 | D:4      | 2840 ||| READING scroll labelled FAXYUTAIJE.
  2840 | D:4      | 2840 ||| ENCHANTING +0 cloak.
  2841 | D:4      | 2841 ||| READING 2 scrolls labelled EFUSSELY HIZUL.
  2942 | D:4      | 2942 ||| DRINKING 2 yellow potions.
  2943 | D:4      | 2943 ||| DROPPING scroll of vulnerability.
  2948 | D:5      | Entered Level 5 of the Dungeon
  2997 | D:5      | HP: 9/40 [burnt (3)]
  2999 | D:5      | HP: 2/40 [burnt (4)]
  3000 | D:5      | Incinerated by a bombardier beetle

Levels and vault maps discovered:
D:1:      nzn_arrival_water_spiral, layout_basic, dk_noncrumbling_4
D:2:      layout_loops_ring, eino_curves_01, minmay_misc_feat_square,
          item_on_display_a
D:3:      layout_rooms, trog_antimagical, mainiacjoe_overflow_small_starburst,
          minmay_divided_ellipse, uniq_grinder, uniq_crazy_yiuf_cottage,
          uniq_pargi, uniq_robin
D:4:      layout_rooms, nicolae_gozag_cash_rules_everything_around_me,
          hex_medium
D:5:      layout_loops_ring, regret_index_temple_of_mockery, marbit_many_paths,
          minmay_temple_entry_statues_pillars, minivault_23

Skill      XL: |  1  2  3  4  5  6  7 |
---------------+----------------------+-----
Ranged Weapons | 6 7 9 10 | 10.8
Dodging        | 5 |  5.1
Fighting       | 2 |  2.4
Armour         | 1 |  1.3
Stealth        | |  1.2

Action                     |  1- 3 |  4- 6 |  7- 9 || total
---------------------------+-------+-------+-------++-------
   Fire: Shortbow          |    94 |    90 |    54 ||   238
  Evoke: Wand              |       |     6 |       ||     6
    Use: Scroll            |     2 |     3 |     5 ||    10
         Potion            |     1 |     1 |     1 ||     3
 Armour: Leather armour    |    11 |    32 |       ||    43
         Ring mail         |       |       |     5 ||     5
  Dodge: Dodged            |    18 |    45 |     6 ||    69

Table legend:
 A = Non-vault XP
 B = Vault XP
 C = Vault XP percentage of total XP
 D = Non-vault monster count
 E = Vault monster count
 F = Vault count percentage of total count
                 A         B        C        D         E       F
            +---------+---------+-------+---------+---------+-------
      Total |     464 |     751 |  61.8 |      59 |      30 |  33.7
            +---------+---------+-------+---------+---------+-------
        D:1 |      51 |       0 |   0.0 |      27 |       0 |   0.0
        D:2 |      44 |      29 |  39.7 |       9 |       8 |  47.1
        D:3 |      40 |     722 |  94.8 |      10 |      22 |  68.8
        D:4 |     281 |       0 |   0.0 |      12 |       0 |   0.0
        D:5 |      48 |       0 |   0.0 |       1 |       0 |   0.0
            +---------+---------+-------+---------+---------+-------
